 Dungeon Crawl Stone Soup version 0.20.1-1-g8b1a95d (webtiles) character file.

332 Jazqa the Skirmisher (level 6, -4/58 HPs)
             Began as a Minotaur Monk on Oct 29, 2017.
             Was an Initiate of Ru.
             Slain by Menkaure (14 damage)
             ... on level 4 of the Dungeon.
             The game lasted 00:05:15 (4088 turns).

Jazqa the Skirmisher (Minotaur Monk)                Turns: 4088, Time: 00:05:15

Health: -4/58      AC:  3    Str: 14 (17) XL:     6   Next: 26%
Magic:  5/5        EV: 12    Int:  5 (7)  God:    Ru [......]
Gold:   201        SH:  0    Dex: 11 (13) Spells: 5/5 levels left

rFire    . . .     SeeInvis .   j - +3 whip (venom)
rCold    + . .     Gourm    .   (no shield)
rNeg     . . .     Faith    .   o - +0 leather armour
rPois    .         Spirit   .   (helmet restricted)
rElec    .         Reflect  .   (no cloak)
rCorr    .         Harm     .   (no gloves)
MR       .....                  (no boots)
Stlth    ..........             (no amulet)
Regen    0.2/turn               c - ring of protection from cold
MPRegen  0.1/turn               (no ring)

@: drained
A: retaliatory headbutt, horns 2, no stealth
a: Renounce Religion


You were on level 4 of the Dungeon.
You worshipped Ru.
Ru was noncommittal.
You were not hungry.

You visited 1 branch of the dungeon, and saw 4 of its levels.

You collected 201 gold pieces.


Innate Abilities, Weirdness & Mutations

You reflexively headbutt those who attack you in melee.
You have a pair of horns on your head.
You cannot be stealthy.


   Skills:
 + Level 6.5(6.0) Fighting
 + Level 6.5(6.0) Maces & Flails
 + Level 3.2(2.8) Dodging


You had 5 spell levels left.
You didn't know any spells.

Inventory:

Hand Weapons
 j - a +3 whip of venom (weapon)
Armour
 o - a +0 leather armour (worn)
Jewellery
 b - an uncursed ring of stealth {unknown}
 c - a ring of protection from cold (left hand)
Wands
 d - a wand of digging (10/24)
 n - a wand of iceblast (4/15)
Scrolls
 a - a scroll of blinking
 e - 3 scrolls of identify {@r1}
 f - a scroll of fear
 g - 3 scrolls of remove curse {@r2}
Comestibles
 h - 3 meat rations {@e1}
 i - 5 bread rations {@e1}
 l - a royal jelly {@e3}

Dungeon Overview and Level Annotations

Branches:
Dungeon (4/15)
 Temple: D:4-7

Altars:
Ru

Annotations:
D:4 Dowan, Duvessa, Menkaure

.......▒..▒.......▒..▒...........
..........▒.......▒..▒...........
.........▒▒.......▒..▒...........
#########▒▒▒▒....▒▒..▒▒▒▒▒▒▒+▒▒▒+
▒....▒......▒........
▒....▒......'........
▒....▒......▒........
▒....▒......▒........
▒...@▒......▒........
▒...M▒▒▒▒▒▒▒▒...▒▒▒.. ▒▒▒...
▒...▒▒...▒▒▒..
▒....▒...▒.........
▒....▒...'......... ..
▒....▒...▒......... .[
▒....▒...▒......... ..
▒....▒...▒▒▒..▒▒▒▒. .▓
▒▒▒▒▒▒▒▒'▒▒▒▒▒


You could see Menkaure.


Message History

Menkaure is lightly damaged.
Menkaure completely misses you.
You hit Menkaure.
Menkaure is moderately damaged.
Menkaure completely misses you. You furiously retaliate!
You headbutt Menkaure.
Unknown command.
You hit Menkaure.
Menkaure is heavily damaged.
Menkaure closely misses you.
Your leather armour prevents you from hitting Menkaure.
You headbutt Menkaure.
Menkaure is heavily damaged.
Menkaure gestures at you while chanting.
Pain shoots through your body!
* * * LOW HITPOINT WARNING * * *
You hit Menkaure.
Menkaure is heavily damaged.
Menkaure hits you but does no damage.
You hit Menkaure but do no damage. You headbutt Menkaure.
Menkaure is severely damaged.
Menkaure closely misses you.
Unknown command.
You hit Menkaure. Your headbutt misses Menkaure.
Menkaure is severely damaged.
Menkaure hits you!
* * * LOW HITPOINT WARNING * * *
You completely miss Menkaure.
Menkaure is severely damaged.
Menkaure hits you!
You die...

Skill      XL: |  1  2  3  4  5 |
---------------+----------------+-----
Fighting       | 4 5 6 |  6.5
Maces & Flails | 4 5 6 |  6.5
Stealth        | 0 |  0.0
Dodging        | |  3.2

Action                   |  1- 3 |  4- 6 || total
-------------------------+-------+-------++-------
Melee: Mace              |    31 |       ||    31
       Whip              |    24 |   125 ||   149
       Headbutt          |     3 |    27 ||    30
Invok: Sacrifice Stealth |       |     1 ||     1
  Use: Potion            |     1 |     2 ||     3
       Scroll            |       |     7 ||     7
 Stab: Sleeping          |     1 |       ||     1
  Eat: Chunk             |     3 |     5 ||     8
       Royal jelly       |       |     1 ||     1
Armor: Robe              |     3 |     6 ||     9
       Skin              |       |    18 ||    18
       Leather armour    |       |    10 ||    10
Dodge: Dodged            |    36 |    57 ||    93

Vault maps used:
D:1:      dpeg_arrival_simpleton_c, serial_co_window_serial, co_window_paths_b,
          co_window_corner_a, co_window_corner_a, co_window_paths_a,
          co_window_paths_b, co_window_unsneaky_path_b, co_window_paths_c,
          co_window_broadway_b, co_window_cross_2, co_window_unsneaky_path_d,
          glass_columns_a, glass_columns_c, glass_columns_a, glass_columns_a
D:2:      nicolae_ru_the_path_less_chosen
D:3:      first_bread, grunt_ministairs_13, minmay_misc_feat_roman,
          uniq_natasha, uniq_terence, uniq_ijyb
D:4:      uniq_duvessa, uniq_menkaure

Notes
Turn   | Place    | Note
-------+----------+-------------------------------------------
     0 | D:1      | Jazqa the Minotaur Monk began the quest for the Orb.
     0 | D:1      | Reached XP level 1. HP: 19/19 MP: 0/0
   287 | D:1      | Reached skill level 4 in Fighting
   287 | D:1      | Reached XP level 2. HP: 24/27 MP: 1/1
   312 | D:1      | Reached skill level 4 in Maces & Flails
  1019 | D:2      | Found a sacrificial altar of Ru.
  1310 | D:2      | Reached XP level 3. HP: 9/34 MP: 2/2
  1952 | D:3      | Noticed Natasha
  1975 | D:2      | Killed Natasha
  1975 | D:2      | Reached skill level 5 in Maces & Flails
  1975 | D:2      | Reached XP level 4. HP: 32/41 MP: 3/3
  2129 | D:3      | Reached skill level 5 in Fighting
  2255 | D:3      | Reached XP level 5. HP: 41/48 MP: 4/4
  2274 | D:3      | Noticed Terence
  2281 | D:3      | Killed Terence
  2552 | D:2      | Became a worshipper of Ru the Awakened
  2591 | D:3      | Noticed Ijyb
  2594 | D:2      | Gained mutation: You cannot be stealthy. [Ru sacrifice]
  2594 | D:2      | Reduced skill Stealth to level 0
  2614 | D:2      | Killed Ijyb
  2614 | D:2      | Reached skill level 6 in Maces & Flails
  3256 | D:4      | Noticed Rhok's ghost (amateur VSIE)
  3292 | D:4      | Killed Rhok's ghost
  3292 | D:4      | Reached skill level 6 in Fighting
  3292 | D:4      | Reached XP level 6. HP: 18/58 MP: 5/5
  3561 | D:4      | Noticed Duvessa
  3564 | D:4      | Noticed Dowan
  4076 | D:4      | Noticed Menkaure
  4088 | D:4      | Slain by Menkaure

Vanquished Creatures
  The ghost of Rhok the Ruffian, an amateur VSIE (D:4)
  An orc priest (D:3)
  An orc wizard (D:3)
  Terence (D:3)
  Ijyb (D:2)
  Natasha (D:2)
  3 adders
  A worm (D:2)
  A dart slug (D:1)
  3 leopard geckos
  3 orcs
  3 giant cockroaches
  10 goblins
  6 hobgoblins
  4 jackals (D:4)
  10 kobolds
  2 quokkas (D:2)
  2 frilled lizards
  5 rats
  A plant (D:2)
60 creatures vanquished.
